[Event "Early-Titled-Tuesday-Blitz-October-03-2023"]
[Site "Chess.com"]
[Date "2023.10.03"]
[Round "2"]
[White "milovichalex"]
[Black "zverr1"]
[Result "0-1"]
[WhiteElo "2286"]
[BlackElo "2509"]
[TimeControl "180+1"]
[EndTime "8:16:15 PDT"]
[Termination "zverr1 won by checkmate"]

1. e4 c5 2. Nf3 g6 3. d4 cxd4 4. Nxd4 Nc6 5. Nxc6 bxc6 6. Qd4 Nf6 7. e5 Nd5 8. Nc3 Nxc3 9. e6 f6 10. Qxc3 dxe6 11. Qxc6+ Bd7 12. Qe4 Rc8 13. Bc4 Qa5+ 14. Bd2 Qf5 15. Qxf5 exf5 16. Ba6 Rxc2 17. Bc3 Bh6 18. O-O Bd2 19. Bd3 Rxc3 20. bxc3 Bxc3 21. Rad1 Be6 22. Rc1 Be5 23. Rc2 Kf7 24. Re1 Rd8 25. Bc4 Bxc4 26. Rc3 Bxc3 27. Rc1 Bb2 28. Rb1 Bxa2 29.
Rd1 Rxd1# 0-1

[Event "Early-Titled-Tuesday-Blitz-October-03-2023"]
[Site "Chess.com"]
[Date "2023.10.03"]
[Round "2"]
[White "hakanazeri2"]
[Black "Hrant_ChessMood"]
[Result "0-1"]
[WhiteElo "2609"]
[BlackElo "2913"]
[TimeControl "180+1"]
[EndTime "8:16:16 PDT"]
[Termination "Hrant_ChessMood won by resignation"]

1. Nf3 c5 2. c4 Nc6 3. Nc3 g6 4. g3 Bg7 5. Bg2 d6 6. O-O Bf5 7. a3 Qd7 8. b4 Rc8 9. Bb2 b6 10. d3 Nf6 11. Nd5 e5 12. b5 Nd4 13. Nxd4 cxd4 14. e4 Bg4 15. f3 Nxd5 16. exd5 Bh3 17. f4 Bxg2 18. Kxg2 f5 19. a4 O-O 20. a5 Rfe8 21. axb6 axb6 22. Ra6 Rb8 23. fxe5 dxe5 24. Qa4 e4 25. Ra7 Rb7 26. Rxb7 Qxb7 27. dxe4 fxe4 28.
Qa6 Qxa6 29. bxa6 e3 30. a7 d3 31. Bxg7 Kxg7 32. Kh3 e2 33. Re1 Ra8 34. d6 d2 35.
Rxe2 d1=Q 0-1

[Event "Early-Titled-Tuesday-Blitz-October-03-2023"]
[Site "Chess.com"]
[Date "2023.10.03"]
[Round "2"]
[White "Sethu0025"]
[Black "Martial2008"]
[Result "1-0"]
[WhiteElo "2858"]
[BlackElo "2595"]
[TimeControl "180+1"]
[EndTime "8:16:19 PDT"]
[Termination "Sethu0025 won by resignation"]

1. Nf3 Nf6 2. g3 d5 3. Bg2 Bg4 4. h3 Bh5 5. d4 e6 6. O-O Be7 7. c4 c6 8. cxd5 exd5 9. Qb3 Qb6 10. Qe3 Nbd7 11. Nh4 Bg6 12. Nc3 Qd8 13. Nxg6 hxg6 14.
b4 O-O 15. b5 c5 16. Bb2 cxd4 17. Qxd4 Bc5 18. Qd3 Ne5 19. Qd1 Nc4 20. Bc1 d4 21. Na4 Qc7 22. Bf4 Bd6 23. Qxd4 Bxf4 24. Qxf4 Qxf4 25. gxf4 Nd6 26. Rfd1 Rad8 27. Nc3 Rfe8 28. e3 Nc4 29. Bxb7 Na5 30. Bf3 Rc8 31. Rac1 Rc5 32. Kf1 Rec8 33. Ne2 Nc4 34. a4 Kf8 35. Bc6 a6 36. Rd4 axb5 37. axb5 R5xc6 38. bxc6 Na5 39. c7 Ne8 40. Rd8 1-0

[Event "Early-Titled-Tuesday-Blitz-October-03-2023"]
[Site "Chess.com"]
[Date "2023.10.03"]
[Round "2"]
[White "Polish_fighter3000"]
[Black "LoydBlankenship"]
[Result "1-0"]
[WhiteElo "3092"]
[BlackElo "2649"]
[TimeControl "180+1"]
[EndTime "8:16:20 PDT"]
[Termination "Polish_fighter3000 won by resignation"]

1. e4 e6 2. d4 d5 3. Bd3 Nf6 4. e5 Nfd7 5. f4 c5 6. c3 Nc6 7.
Nf3 g6 8. O-O Qb6 9. Bc2 Be7 10.
Kh1 h5 11. a3 cxd4 12. cxd4 Na5 13. Nc3 a6 14. Qe2 Qc7 15. Ng5 Nf8 16. Be3 b5 17.
Bf2 Nc4 18. Bd3 Bb7 19. Rac1 Qd8 20. Bh4 Rc8 21. Rc2 Qb6 22. Bf2 Qd8 23. Nb1 Bxg5 24. fxg5 Qxg5 25. b3 Nb6 26. Nd2 Qe7 27. a4 Rxc2 28.
Bxc2 Bc6 29. Nf3 Nfd7 30. a5 Nc8 31. Bh4 Qb4 32. Be1 Qa3 33. Bd2 Ne7 34. Rc1 O-O 35.
Qe1 Nf5 36. Bb4 Qb2 37. Bxf8 Bb7 38. Bxf5 1-0

[Event "Early-Titled-Tuesday-Blitz-October-03-2023"]
[Site "Chess.com"]
[Date "2023.10.03"]
[Round "2"]
[White "jerry_77"]
[Black "mapleaff"]
[Result "1-0"]
[WhiteElo "2615"]
[BlackElo "2359"]
[TimeControl "180+1"]
[EndTime "8:16:22 PDT"]
[Termination "jerry_77 won by resignation"]

1. e4 e5 2. Nf3 Nc6 3. d4 exd4 4. Nxd4 Nf6 5. Nxc6 bxc6 6. Bd3 d5 7. exd5 cxd5 8.
Kf1 Bd6 9. h3 O-O 10. Nd2 c5 11. c3 Re8 12. Nf3 Rb8 13. b3 Ne4 14. c4 d4 15. Qc2 Bb7 16. Bd2 f5 17. Re1 Qf6 18. h4 h6 19. h5 Nxd2+ 20. Qxd2 Rxe1+ 21. Qxe1 Kf8 22. Qa5 Be4 23. Ne1 Qe7 24. Rh3 Re8 25.
Bxe4 Qxe4 26. Qd2 Bf4 27. Qd1 a5 28. Nd3 Bg5 29. Nxc5 Qg4 30. Qxg4 fxg4 31. Rd3 Bf6 32. Nd7+ Kf7 33. Nxf6 Kxf6 34. Rxd4 1-0

[Event "Early-Titled-Tuesday-Blitz-October-03-2023"]
[Site "Chess.com"]
[Date "2023.10.03"]
[Round "2"]
[White "elamier"]
[Black "Yushko_Olga"]
[Result "0-1"]
[WhiteElo "2402"]
[BlackElo "2086"]
[TimeControl "180+1"]
[EndTime "8:16:22 PDT"]
[Termination "Yushko_Olga won by resignation"]

1. d4 e6 2. c4 f5 3. Nf3 d6 4. Nc3 Nf6 5. Qc2 Nc6 6. e4 e5 7.
dxe5 dxe5 8. Bg5 fxe4 9. Nxe4 Be7 10. Rd1 Nd4 11. Nxd4 exd4 12. Ng3 O-O 13. Bd3 Bb4+ 14. Kf1 h6 15. Bxf6 Qxf6 16. Ne4 Qf4 17. c5 Bf5 18. f3 Kh8 19. a3 Bxe4 20. Bxe4 Bxc5 21. Qxc5 Qxe4 22.
Qxd4 Rxf3+ 23. gxf3 Qxf3+ 24. Kg1 Rf8 25. b4 Rf5 26.
Qd8+ Kh7 0-1

[Event "Early-Titled-Tuesday-Blitz-October-03-2023"]
[Site "Chess.com"]
[Date "2023.10.03"]
[Round "2"]
[White "JoseRemolar"]
[Black "Henryk_S"]
[Result "1-0"]
[WhiteElo "2442"]
[BlackElo "2146"]
[TimeControl "180+1"]
[EndTime "8:16:23 PDT"]
[Termination "JoseRemolar won on time"]

1. e4 e6 2. d4 d5 3. e5 c5 4. c3 Nc6 5. Nf3 Qb6 6. a3 Bd7 7. b4 cxd4 8. cxd4 Rc8 9. Bb2 Na5 10. Nbd2 Nc4 11. Bc1 Bb5 12. Be2 Nxd2 13. Bxd2 Bxe2 14. Qxe2 Ne7 15. O-O Nf5 16. Qd3 Rc4 17. Rfc1 Nxd4 18. Rxc4 Nxf3+ 19. gxf3 dxc4 20. Qxc4 Qc6 21. Qxc6+ bxc6 22.
Be3 a6 23. Rd1 Be7 24. f4 h5 25. Kg2 h4 26. h3 Rh5 27. Kf3 Rf5 28. Ke4 f6 29.
Rg1 Kf7 30. Rc1 fxe5 31. fxe5 a5 32. bxa5 Bxa3 33. Rxc6 Rh5 34. Rc8 1-0

[Event "Early-Titled-Tuesday-Blitz-October-03-2023"]
[Site "Chess.com"]
[Date "2023.10.03"]
[Round "2"]
[White "Duhless"]
[Black "karinachess1"]
[Result "0-1"]
[WhiteElo "2964"]
[BlackElo "2640"]
[TimeControl "180+1"]
[EndTime "8:16:25 PDT"]
[Termination "karinachess1 won by resignation"]

1. d4 Nf6 2. c4 e6 3. Nc3 d5 4. cxd5 exd5 5. Bg5 c6 6. e3 Be7 7.
Bd3 Nbd7 8. Qc2 h6 9. Bh4 Nh5 10. Bxe7 Qxe7 11. Nge2 Nb6 12. O-O-O Bd7 13. Kb1 O-O-O 14.
Ka1 Kb8 15. Rb1 c5 16. dxc5 Qxc5 17. Rbc1 Nf6 18. Nd4 Rc8 19. Rhd1 g6 20. h3 Rhd8 21. b3 a6 22. Qb2 Qe7 23. Nce2 Ne4 24. Bxe4 dxe4 25.
Nc3 f5 26. Rc2 Be8 27. Rcd2 Rd7 28. g3 Rdc7 29. Nde2 Bf7 30. Rd5 Nxd5 31. Nxd5 Bxd5 32. Rxd5 Rc2 0-1

[Event "Early-Titled-Tuesday-Blitz-October-03-2023"]
[Site "Chess.com"]
[Date "2023.10.03"]
[Round "2"]
[White "Fandorine"]
[Black "tetrix83"]
[Result "1-0"]
[WhiteElo "2926"]
[BlackElo "2613"]
[TimeControl "180+1"]
[EndTime "8:16:27 PDT"]
[Termination "Fandorine won by resignation"]

1. g3 d5 2. Bg2 e5 3. d3 Nf6 4. Nd2 c6 5. Ngf3 Bd6 6. O-O O-O 7.
e4 Re8 8. b3 Bg4 9. h3 Bh5 10.
Bb2 Nbd7 11. Qe1 a5 12. a3 Qc7 13. Kh1 Rad8 14. Nh4 dxe4 15. dxe4 b5 16. Nf5 Bf8 17. f4 Bg6 18. Nh4 exf4 19. Nxg6 hxg6 20. gxf4 Nh5 21. e5 Nc5 22. Rd1 Ne6 23. f5 gxf5 24. Rxf5 Nhf4 25. Qg3 Nxg2 26. Qxg2 Nd4 27. Bxd4 Rxd4 28.
Rdf1 Rxe5 29. Rxf7 Qxf7 30. Rxf7 Re1+ 31. Nf1 1-0

[Event "Early-Titled-Tuesday-Blitz-October-03-2023"]
[Site "Chess.com"]
[Date "2023.10.03"]
[Round "2"]
[White "rasmussvane"]
[Black "Mackster23"]
[Result "1-0"]
[WhiteElo "2960"]
[BlackElo "2620"]
[TimeControl "180+1"]
[EndTime "8:16:29 PDT"]
[Termination "rasmussvane won by resignation"]

1. Nf3 Nf6 2. g3 g6 3. Bg2 Bg7 4. O-O O-O 5. d4 d6 6. Re1 c5 7.
dxc5 dxc5 8. c3 Nc6 9. Qxd8 Rxd8 10. Be3 Ne4 11. Nbd2 Nxd2 12. Nxd2 Ne5 13. Red1 Bg4 14. Kf1 Rac8 15. Bxb7 Rb8 16. Bf3 Rxb2 17. Ne4 Rxd1+ 18. Rxd1 Nxf3 19. Rd8+ Bf8 20. exf3 Bxf3 21. Nd2 Rxd2 22. Bxd2 Kg7 23. Bh6+ Kxh6 24. Rxf8 Bd5 25. a4 a6 26. Rc8 Bb3 27. a5 c4 28. Rc6 1-0

[Event "Early-Titled-Tuesday-Blitz-October-03-2023"]
[Site "Chess.com"]
[Date "2023.10.03"]
[Round "2"]
[White "knightinshiningarmour16"]
[Black "PoXerStar"]
[Result "0-1"]
[WhiteElo "2098"]
[BlackElo "2427"]
[TimeControl "180+1"]
[EndTime "8:16:29 PDT"]
[Termination "PoXerStar won by checkmate"]

1. d4 b6 2. c4 Bb7 3. Nf3 e6 4. Bg5 Be7 5. Bxe7 Qxe7 6. Nbd2 f5 7. e3 Nf6 8. Bd3 O-O 9. O-O d6 10. Qc2 Nbd7 11. a3 c5 12. h3 g6 13. b4 e5 14. Be2 e4 15. Ne1 Rae8 16. bxc5 bxc5 17. Qa4 cxd4 18. exd4 e3 19. Ndf3 exf2+ 20. Rxf2 Ne4 21.
Rf1 Nc3 22. Qb3 Nxe2+ 23. Kh2 Be4 24. c5+ d5 25. c6 Nf6 26. Ne5 Nxd4 27. Qc3 Qxe5+ 28.
Kh1 Nh5 29. Nf3 Bxf3 30. Rxf3 Ne2 31. Qxe5 Rxe5 32. c7 Rc8 33. Rb1 Rxc7 34. Rb8+ Kg7 35. Ra8 Nhg3+ 36. Kh2 f4 37. Rb3 Rc1 38. Rb7+ Kh6 39.
Raxa7 Rh1# 0-1

[Event "Early-Titled-Tuesday-Blitz-October-03-2023"]
[Site "Chess.com"]
[Date "2023.10.03"]
[Round "2"]
[White "Fore_Man"]
[Black "noblerone"]
[Result "0-1"]
[WhiteElo "2260"]
[BlackElo "2504"]
[TimeControl "180+1"]
[EndTime "8:16:31 PDT"]
[Termination "noblerone won by resignation"]

1. Nf3 d5 2. d4 Nf6 3. c4 c6 4. e3 Bg4 5. Qc2 e6 6. b3 Nbd7 7. Nc3 Bb4 8. Bb2 Ne4 9. Bd3 f5 10.
Nd2 Qa5 11. Bxe4 fxe4 12. f3 exf3 13. gxf3 Bf5 14. e4 Bg6 15. Rg1 O-O-O 16. Ke2 Qc7 17. Rg2 dxe4 18. Ndxe4 Rhf8 19. Rf1 Qf4 20. Qd2 Kb8 21.
Qxf4+ Rxf4 22. Ke3 Rdf8 23. Rgf2 h6 24. a3 Be7 25. d5 exd5 26. cxd5 Bh7 27. dxc6 bxc6 28. Rd1 Nb6 29. Ne2 R4f7 30. Nd4 Nd5+ 31. Ke2 Bxe4 32.
Nxc6+ Kc7 33. Ne5 Rf5 34. Rc1+ Kb7 35. Ng6 Nf4+ 36. Nxf4 Rxf4 37. Bxg7 R8f7 38. Bxh6 Bxf3+ 39. Ke3 Re4+ 40. Kd3 Bxa3 41. Rxf3 Rxf3+ 42. Kxe4 Bxc1 43. Kxf3 Bxh6 44. Kg4 Kb6 45. Kf5 Kb5 46. Kf6 Kb4 47. Kg6 Bc1 48. h4 Kxb3 49. h5 a5 50. h6 Bxh6 51.
Kxh6 a4 0-1

[Event "Early-Titled-Tuesday-Blitz-October-03-2023"]
[Site "Chess.com"]
[Date "2023.10.03"]
[Round "2"]
[White "Brave_spirit12"]
[Black "NMJeevanK"]
[Result "1-0"]
[WhiteElo "2761"]
[BlackElo "2529"]
[TimeControl "180+1"]
[EndTime "8:16:32 PDT"]
[Termination "Brave_spirit12 won by checkmate"]

1. e4 g6 2. d4 d6 3. Nc3 Bg7 4. Be3 a6 5. Bd3 b5 6. Nf3 Bb7 7. O-O Nd7 8. Ne2 c5 9. c3 Ngf6 10. Ng3 O-O 11. Qd2 Ng4 12. h4 Nxe3 13. Qxe3 h5 14. Rad1 Qc7 15. Bb1 Nf6 16. Ng5 Ng4 17. Qe2 e6 18. f3 Nf6 19. e5 dxe5 20. dxe5 Nd5 21. f4 Ne7 22. Nxh5 Rad8 23. Nxg7 Kxg7 24. h5 Rxd1 25. Rxd1 Rd8 26. h6+ Kf8 27. Rxd8+ Qxd8 28. h7 Kg7 29. Qf2 Qd1+ 30. Kh2 Qh5+ 31. Kg1 Qd1+ 32.
Qf1 Qd2 33. Nxf7 Kxh7 34. Ng5+ Kg8 35. Nxe6 Nf5 36. Bxf5 gxf5 37. Ng5 Qe3+ 38. Qf2 Qc1+ 39. Kh2 Bd5 40. Qh4 Kf8 41. e6 Ke8 42. Qh8+ Ke7 43.
Qg7+ Ke8 44. Qd7+ Kf8 45. Qf7# 1-0

[Event "Early-Titled-Tuesday-Blitz-October-03-2023"]
[Site "Chess.com"]
[Date "2023.10.03"]
[Round "2"]
[White "Daffidollchess2"]
[Black "Road2GM3000"]
[Result "1-0"]
[WhiteElo "2707"]
[BlackElo "2362"]
[TimeControl "180+1"]
[EndTime "8:16:32 PDT"]
[Termination "Daffidollchess2 won by resignation"]

1. e4 c5 2. Nf3 d6 3. d4 cxd4 4. Nxd4 Nf6 5. f3 e5 6. Nb3 a5 7.
c4 Be7 8. Nc3 Be6 9. Be3 a4 10.
Nc1 O-O 11. Be2 a3 12. b3 Nc6 13. O-O Nd7 14. Qd2 f5 15. exf5 Bxf5 16. Bd3 Bxd3 17.
Nxd3 Nf6 18. Nf2 Qa5 19. Rad1 Nd8 20. Qc2 Ne6 21. Nd5 Nxd5 22. Rxd5 Qc7 23. Ne4 Nc5 24.
Rfd1 Rad8 25. Nxc5 dxc5 26. Qe4 Kh8 27. Kf1 h6 28. Ke2 Rxd5 29. Rxd5 Rd8 30. Rxe5 Bf6 31. Re8+ Rxe8 32. Qxe8+ Kh7 33. Qe4+ Kh8 34. h4 Qd8 35. h5 b6 36. Qd5 Qe7 37. Qa8+ Kh7 38. Qe4+ Qxe4 39.
fxe4 Kg8 40. Kf3 Kf7 41. Bf4 Bd8 42. Bc1 Ke6 43. Bxa3 Bf6 44. Bc1 Bd4 45. Bf4 Bb2 46. Bc7 Bd4 47. Bxb6 Bg1 48. a4 Bd4 49. a5 Bc3 50. a6 Ba5 51. Bxa5 1-0

[Event "Early-Titled-Tuesday-Blitz-October-03-2023"]
[Site "Chess.com"]
[Date "2023.10.03"]
[Round "2"]
[White "Rap_woyska"]
[Black "Air-Conditioner07"]
[Result "1-0"]
[WhiteElo "2476"]
[BlackElo "2215"]
[TimeControl "180+1"]
[EndTime "8:16:34 PDT"]
[Termination "Rap_woyska won by resignation"]

1. c4 e5 2. Nc3 Nf6 3. Nf3 Nc6 4. e3 Bb4 5. Qc2 d6 6. Nd5 Bc5 7. Bd3 Nxd5 8. cxd5 Ne7 9. Nxe5 Nxd5 10. a3 Qe7 11. Nf3 h6 12. b4 Bb6 13. Bb2 Nf4 14. Bb5+ Bd7 15. Bxd7+ Kxd7 16. O-O Ne6 17. a4 a5 18. bxa5 Rxa5 19. Bc3 Rh5 20. a5 Ba7 21. Rab1 Kc8 22. a6 b6 23. Qa4 Qd7 24. Qg4 Ra5 25. Bxa5 1-0

[Event "Early-Titled-Tuesday-Blitz-October-03-2023"]
[Site "Chess.com"]
[Date "2023.10.03"]
[Round "2"]
[White "Mysterio47"]
[Black "wild3000"]
[Result "0-1"]
[WhiteElo "2713"]
[BlackElo "2402"]
[TimeControl "180+1"]
[EndTime "8:16:37 PDT"]
[Termination "wild3000 won by resignation"]

1. e4 a6 2. d4 e6 3. Nf3 d5 4. e5 c5 5. c3 Nc6 6. Be2 Nge7 7. O-O Nf5 8. dxc5 Bxc5 9. b4 Be7 10. Bd3 Qc7 11. Bxf5 exf5 12. Bf4 Be6 13. Bc1 O-O 14.
Re1 Rfd8 15. a3 b5 16. Bf4 h6 17. h4 a5 18. Nbd2 d4 19. cxd4 Nxd4 20. bxa5 Nxf3+ 21.
Qxf3 Rxa5 22. Qg3 Kh7 23. Nf1 Qc2 24. Ne3 Qb3 25. Reb1 Qd3 26. Rd1 Qe4 27. Rxd8 Bxd8 28. h5 Ra4 29. Rd1 Be7 30. Bxh6 gxh6 31. Nf1 Rxa3 32.
f3 Qh4 33. Qxh4 Bxh4 34. Rb1 Bc4 0-1

[Event "Early-Titled-Tuesday-Blitz-October-03-2023"]
[Site "Chess.com"]
[Date "2023.10.03"]
[Round "2"]
[White "JiaHaoxiang"]
[Black "Francisco_Ferrari"]
[Result "1-0"]
[WhiteElo "2614"]
[BlackElo "2357"]
[TimeControl "180+1"]
[EndTime "8:16:38 PDT"]
[Termination "JiaHaoxiang won by checkmate"]

1. d4 d5 2. c4 dxc4 3. Nf3 Nf6 4. e3 b5 5. a4 b4 6. Bxc4 Bb7 7. Nbd2 e6 8. O-O Be7 9. Qe2 O-O 10. Rd1 Nbd7 11.
e4 c5 12. e5 Nd5 13. Nb3 cxd4 14. Nfxd4 Qc7 15. Bxd5 Bxd5 16. Bf4 Qb7 17. f3 Rfc8 18.
Kh1 Nc5 19. Nxc5 Bxc5 20. Nb5 Qb6 21. Nd6 Rd8 22. a5 Qc6 23. Rdc1 f6 24. Be3 fxe5 25. Bxc5 Rxd6 26. Bxd6 Qxd6 27. Qb5 Rf8 28. Qc5 Qd8 29. Qxb4 Rxf3 30. Ra3 Rf2 31. Rg3 Qf6 32. Rc8+ Kf7 33.
Rf8# 1-0

[Event "Early-Titled-Tuesday-Blitz-October-03-2023"]
[Site "Chess.com"]
[Date "2023.10.03"]
[Round "2"]
[White "Taran2004"]
[Black "NaciSAN"]
[Result "1-0"]
[WhiteElo "2433"]
[BlackElo "2121"]
[TimeControl "180+1"]
[EndTime "8:16:38 PDT"]
[Termination "Taran2004 won on time"]

1. e4 d6 2. d4 Nf6 3. Nc3 e5 4. Nf3 Nc6 5. Bc4 Be7 6. O-O O-O 7. h3 a6 8. a4 h6 9. Be3 Re8 10. Qd2 Bf8 11. d5 Ne7 12. Rae1 Ng6 13. Nh2 Be7 14. Ne2 Nh7 15. f4 exf4 16. Nxf4 Nxf4 17. Bxf4 Bg5 18. Bd3 Bxf4 19. Qxf4 Qe7 20. e5 dxe5 21. Bxh7+ Kxh7 22. Qxf7 Bd7 23. Qh5 Rf8 24. Rxf8 Rxf8 25. Qxe5 Qxe5 26.
Rxe5 Bxa4 27. b3 Re8 28. Rf5 Bd7 29. Rf7 Rd8 30. Nf3 Kg8 31. Ne5 Be8 32. Rxc7 Rxd5 33. Nd3 Bc6 34. g4 a5 35. Kf2 Kh7 36. Ke3 a4 37.
bxa4 Bxa4 38. c4 1-0

[Event "Early-Titled-Tuesday-Blitz-October-03-2023"]
[Site "Chess.com"]
[Date "2023.10.03"]
[Round "2"]
[White "PattyCastillo"]
[Black "Magila31"]
[Result "0-1"]
[WhiteElo "2037"]
[BlackElo "2410"]
[TimeControl "180+1"]
[EndTime "8:16:41 PDT"]
[Termination "Magila31 won on time"]

1. d4 Nf6 2. Nf3 g6 3. Nc3 Bg7 4. e4 d6 5. Be3 c6 6. Qd2 Nbd7 7. O-O-O b5 8. e5 b4 9. exf6 bxc3 10. Qxc3 Nxf6 11.
Qxc6+ Bd7 12. Qa6 O-O 13. Bd3 Nd5 14. Bd2 Qc7 15. Kb1 Rfb8 16. Be4 Bc6 17. Bxd5 Bxd5 18. Bc1 Bc4 19. Qa3 Rb6 20. b3 Ra6 21. Qb4 Bd5 22. Bb2 Rb8 23. Qd2 Be4 24. Rhe1 Bf5 25. Nh4 Bg4 26.
f3 Bc8 27. g4 Bb7 28. Qe2 e6 0-1

[Event "Early-Titled-Tuesday-Blitz-October-03-2023"]
[Site "Chess.com"]
[Date "2023.10.03"]
[Round "2"]
[White "Mihajlovskij"]
[Black "ArtemDyachuk"]
[Result "0-1"]
[WhiteElo "2293"]
[BlackElo "2687"]
[TimeControl "180+1"]
[EndTime "8:16:42 PDT"]
[Termination "ArtemDyachuk won on time"]

1. e4 c6 2. d4 d5 3. e5 Bf5 4. Be2 e6 5. Nf3 Nd7 6. O-O h6 7. Nc3 a6 8. Be3 Ne7 9. Qd2 Bh7 10. Ne1 Nf5 11. Bd3 c5 12. Bxf5 Bxf5 13. dxc5 Nxe5 14.
b3 Nc6 15. Nf3 Be7 16. Nd4 Bg6 17. Nxc6 bxc6 18. Na4 O-O 19. Rad1 e5 20. c3 Bh5 21.
Rde1 g5 22. f3 f5 23. Bf2 Bf6 24. Nb2 e4 25. fxe4 dxe4 26. Bd4 Bg6 27. Nc4 f4 28. Nd6 e3 29. Bxe3 fxe3 30. Qxe3 Bg7 31. Qe6+ Kh7 32. h4 gxh4 33. Rxf8 Qxf8 34. Rf1 Qg8 35. Qg4 Rf8 36.
Re1 Rf6 37. Re7 Rf1+ 38. Kxf1 Qf8+ 39. Rf7 Bxf7 0-1

[Event "Early-Titled-Tuesday-Blitz-October-03-2023"]
[Site "Chess.com"]
[Date "2023.10.03"]
[Round "2"]
[White "Dr_crypt"]
[Black "LUISMIGUELOV"]
[Result "1-0"]
[WhiteElo "2437"]
[BlackElo "2147"]
[TimeControl "180+1"]
[EndTime "8:16:43 PDT"]
[Termination "Dr_crypt won on time"]

1. d4 c6 2. c4 d5 3. cxd5 cxd5 4. Bf4 Nc6 5. e3 Nf6 6. Nc3 e6 7. Bd3 Bd6 8. Bg5 h6 9. Bh4 Bd7 10. f4 Qb6 11. Qe2 Be7 12. Nf3 Rc8 13. O-O O-O 14. Ne5 Qd8 15. Rac1 Nxe5 16. fxe5 Ne4 17. Bxe7 Nxc3 18. bxc3 Qxe7 19. Bb1 a6 20. Qd3 g6 21.
Qd1 Bb5 22. Rf6 Kg7 23. Qg4 Qe8 24. h4 h5 25. Qg5 Rg8 26. Rcf1 Rc7 27. R1f2 Kf8 28.
Rxg6 Rxg6 29. Bxg6 b6 30. Qxh5 1-0

[Event "Early-Titled-Tuesday-Blitz-October-03-2023"]
[Site "Chess.com"]
[Date "2023.10.03"]
[Round "2"]
[White "DoctorCheckyll"]
[Black "wqws"]
[Result "0-1"]
[WhiteElo "2337"]
[BlackElo "2661"]
[TimeControl "180+1"]
[EndTime "8:16:46 PDT"]
[Termination "wqws won by checkmate"]

1. e4 c5 2. Nf3 d6 3. Bb5+ Nd7 4. a4 Nf6 5. d3 g6 6. O-O Bg7 7. Re1 O-O 8. e5 dxe5 9. Nxe5 Nxe5 10.
Rxe5 b6 11. Re1 Bb7 12. Nc3 h5 13. Bg5 Rc8 14. Qe2 e6 15. Ne4 Bxe4 16. dxe4 Qc7 17. h3 Nh7 18. Be3 Bxb2 19. Ra2 Bd4 20. a5 Bxe3 21. Qxe3 Rfd8 22. axb6 Qxb6 23. Ba6 Rc7 24. c3 c4 25. Qxb6 axb6 26. Rb1 Rd3 27. Ra3 Nf6 28.
f3 Nd7 29. Rb4 Ne5 30. Rxb6 h4 31. f4 Rd1+ 32. Kf2 Nd3+ 33. Ke3 Re1+ 34. Kd4 Nxf4 35. Rd6 Nxg2 36. Bxc4 Rd1+ 37. Bd3 Nf4 38. c4 Nxh3 39. Ke5 Nf2 40. Be2 Rc5+ 41. Kf6 Rxd6 42. Ra8+ Kh7 43. Kxf7 h3 44. Kf6 h2 45. Ra7+ Kh6 46.
Ra8 Nxe4+ 47. Ke7 Rc7+ 48. Ke8 Nf6+ 49. Kf8 Rdd7 50. Ra1 Rf7# 0-1

[Event "Early-Titled-Tuesday-Blitz-October-03-2023"]
[Site "Chess.com"]
[Date "2023.10.03"]
[Round "2"]
[White "abc_xyz4744"]
[Black "Better_Chess_Faster"]
[Result "1-0"]
[WhiteElo "2409"]
[BlackElo "2008"]
[TimeControl "180+1"]
[EndTime "8:16:46 PDT"]
[Termination "abc_xyz4744 won by resignation"]

1. e4 Nf6 2. e5 Nd5 3. d4 d6 4.
Nf3 dxe5 5. Nxe5 c6 6. Bd3 Nb4 7. Bc4 e6 8. O-O Nd7 9. c3 Nd5 10. f4 Bd6 11. Qg4 O-O 12. Nd2 Ne3 13. Qh3 Nxf1 14.
Nxf1 Nf6 15. Bd3 c5 16. Be3 cxd4 17. Bxd4 g6 18. Ng3 b6 19. Ne4 Bb7 20. Nxf6+ Qxf6 21. Ng4 Qxd4+ 22. cxd4 Bxf4 23. Rf1 Bg5 24. Nf6+ Bxf6 25. Rxf6 Kg7 26. Rf4 Rac8 27. Rh4 h6 28. Rxh6 Rc1+ 29. Kf2 Rd8 30. Rh7+ Kf6 31. Qh4+ g5 32. Qh6+ Ke7 33.
Qxg5+ Kd6 34. Qxc1 1-0

[Event "Early-Titled-Tuesday-Blitz-October-03-2023"]
[Site "Chess.com"]
[Date "2023.10.03"]
[Round "2"]
[White "MajorCoast"]
[Black "CrushingKings"]
[Result "0-1"]
[WhiteElo "2267"]
[BlackElo "2505"]
[TimeControl "180+1"]
[EndTime "8:16:47 PDT"]
[Termination "CrushingKings won by checkmate"]

1. a4 g6 2. c3 Bg7 3. h4 Nf6 4. d4 O-O 5. Bg5 d6 6. e3 c5 7.
Nd2 Nc6 8. dxc5 dxc5 9. Bxf6 exf6 10. h5 Qe7 11. Bc4 Ne5 12. hxg6 hxg6 13. Ngf3 Nxc4 14.
Nxc4 Rd8 15. Qe2 Bf5 16. Rd1 Rxd1+ 17. Qxd1 Rd8 18. Qb3 Bd3 19. Na5 Rd7 20. c4 b6 21.
Nc6 Qe4 22. Nb8 Rd8 23. Rh4 Qb7 24. a5 Qxb8 25. axb6 Qxb6 26. Qa4 Qxb2 27. Nd2 Bc2 28. Qa5 Qc1+ 29. Ke2 Qd1# 0-1

[Event "Early-Titled-Tuesday-Blitz-October-03-2023"]
[Site "Chess.com"]
[Date "2023.10.03"]
[Round "2"]
[White "astralpulse"]
[Black "invisible_s0ul"]
[Result "1-0"]
[WhiteElo "2688"]
[BlackElo "2302"]
[TimeControl "180+1"]
[EndTime "8:16:48 PDT"]
[Termination "astralpulse won by resignation"]

1. Nf3 c5 2. e3 d5 3. d4 Nc6 4. c3 Nf6 5. Nbd2 e6 6. Bd3 Bd6 7. dxc5 Bxc5 8. b4 Be7 9. Bb2 a6 10. O-O O-O 11. e4 e5 12. Qc2 h6 13. Rfe1 Qc7 14.
a3 b5 15. exd5 Nxd5 16. c4 bxc4 17. Nxc4 f6 18. Rac1 Bd7 19. Be4 Ndxb4 20. axb4 Nxb4 21. Qe2 Qa7 22. Bxa8 Qxa8 23. Nb6 Qb7 24. Nxd7 Qxd7 25. Qc4+ Kh8 26. Red1 Qa4 27. Nh4 Qa5 1-0

[Event "Early-Titled-Tuesday-Blitz-October-03-2023"]
[Site "Chess.com"]
[Date "2023.10.03"]
[Round "2"]
[White "Artemiki"]
[Black "Eagle_2019"]
[Result "0-1"]
[WhiteElo "2235"]
[BlackElo "2675"]
[TimeControl "180+1"]
[EndTime "8:16:48 PDT"]
[Termination "Eagle_2019 won on time"]

1. e4 e6 2. d4 d5 3. Nc3 dxe4 4. Nxe4 Nd7 5. Nf3 Ngf6 6. Bd3 c5 7. Nxf6+ Nxf6 8. O-O cxd4 9. Nxd4 Be7 10. Nf3 O-O 11. Bf4 b6 12. Ne5 Bb7 13. Qe2 Qd4 14. Bg3 Qxb2 15.
Rfd1 Rad8 16. Nc4 Qb4 17. Rab1 Qc5 18. Ne5 Nd5 19. Rb5 Nc3 20. Bxh7+ Kh8 21. Qh5 Rxd1+ 22. Qxd1 Qxb5 0-1

[Event "Early-Titled-Tuesday-Blitz-October-03-2023"]
[Site "Chess.com"]
[Date "2023.10.03"]
[Round "2"]
[White "Susal_De_Silva"]
[Black "GiorgianBarbosa"]
[Result "1-0"]
[WhiteElo "2705"]
[BlackElo "2385"]
[TimeControl "180+1"]
[EndTime "8:16:49 PDT"]
[Termination "Susal_De_Silva won on time"]

1. d4 Nf6 2. c4 e6 3. g3 d5 4.
Bg2 Be7 5. Nf3 O-O 6. O-O a5 7. Qc2 c6 8. Nbd2 b6 9. Rd1 Ba6 10.
b3 b5 11. Ne5 Nfd7 12. Nd3 Bf6 13. Bb2 a4 14. e4 bxc4 15. bxc4 a3 16. Bxa3 dxc4 17.
Ne5 Nxe5 18. dxe5 Bxe5 19. Rab1 Bd4 20. Bxf8 Qxf8 21. Nxc4 e5 22. Bf1 c5 23. Nb6 Ra7 24. Bxa6 Nxa6 25. a3 g6 26. Nd5 Kg7 27. Qc4 Nc7 28.
Nxc7 Rxc7 29. Rb6 Ra7 30. a4 Qa8 31. Rd3 Rxa4 32. Qd5 Qa5 33. Rf3 Ra1+ 34. Kg2 Qxb6 35. Qxf7+ Kh6 36. Qf8+ Kh5 37. g4+ Kxg4 38. Rg3+ Kh5 39.
Rh3+ Kg4 40. f3+ Kg5 41. Rg3+ 1-0

[Event "Early-Titled-Tuesday-Blitz-October-03-2023"]
[Site "Chess.com"]
[Date "2023.10.03"]
[Round "2"]
[White "grandemestregringo"]
[Black "CSB7"]
[Result "1-0"]
[WhiteElo "2544"]
[BlackElo "2744"]
[TimeControl "180+1"]
[EndTime "8:16:51 PDT"]
[Termination "grandemestregringo won by resignation"]

1. e4 e5 2. Nf3 Nc6 3. Bb5 a6 4. Ba4 Nf6 5. O-O Nxe4 6. d4 b5 7. Bb3 d5 8. dxe5 Be6 9. c3 Bc5 10. Nbd2 O-O 11. Bc2 Nxf2 12. Rxf2 f6 13. Nf1 Bxf2+ 14.
Kxf2 fxe5 15. Kg1 Qd6 16. b3 Rad8 17. Bg5 Rde8 18. Bh4 h6 19. Rc1 Bg4 20. Ne3 Bxf3 21. gxf3 d4 22. Nf5 Qg6+ 23. Ng3 Qe6 24. Qd3 e4 25. Nxe4 Ne5 26. Nf6+ Rxf6 27. Qh7+ Kf7 28. Bxf6 Qxf6 29. Be4 dxc3 30. Rxc3 c6 31. f4 Qxf4 32.
Rg3 Qc1+ 33. Kg2 Qd2+ 34. Kh3 Rg8 35. Qf5+ Ke7 36. Qxe5+ Kd7 37. Rd3+ 1-0